 Dungeon Crawl Stone Soup version 0.16.2-12-gd0ad4c3 (webtiles) character file.

73 musteatbrain the Gusty (level 4, -2/24 HPs)
             Began as a Tengu Air Elementalist on Sept 28, 2015.
             Slain by an adder (3 damage)
             ... on level 3 of the Dungeon.
             The game lasted 00:07:27 (2162 turns).

musteatbrain the Gusty (Tengu Air Elementalist)     Turns: 2162, Time: 00:07:27

Health: -2/24      AC:  2    Str: 13    XL:     4   Next: 27%
Magic:  7/8        EV: 18    Int: 17    God:
Gold:   145        SH:  0    Dex: 19    Spells: 2 memorised, 4 levels left

rFire  . . .     SeeInvis .     k - +1 dagger (flame)
rCold  . . .     Clarity  .     a - +0 robe
rNeg   . . .     SustAb   .     (no shield)
rPois  .         Gourm    .     (helmet restricted)
rElec  .         Spirit   .     (no cloak)
rCorr  .         Warding  .     (no gloves)
rMut   .         Stasis   .     (boots unavailable)
MR     .....                    (no amulet)
Stlth  +++.......               (no ring)
                                (no ring)

@: mighty, agile, lethally poisoned (-2 -> -19), not resistant to hostile
enchantments, fairly stealthy
A: beak, talons 3
a: no special abilities


You were on level 3 of the Dungeon.
You were not hungry.

You visited 1 branch of the dungeon, and saw 3 of its levels.

You collected 145 gold pieces.

Inventory:

Hand weapons
 k - a +1 dagger of flaming (weapon)
Armour
 a - a +0 robe (worn)
 g - a +0 chain mail
Jewellery
 h - an uncursed ring of poison resistance {unknown}
Scrolls
 i - a scroll of remove curse {unknown}
 o - a scroll of random uselessness {unknown}
Potions
 d - a potion of poison
 m - a potion of haste {unknown}
 n - 2 potions of curing {unknown}
Books
 b - a book of Air

   Spells                             Type                      Level
   a - Shock                          Conjuration/Air              1
   b - Swiftness                      Charms/Air                   2
   c - Repel Missiles                 Charms/Air                   2
   d - Flight                         Charms/Air                   3
   e - Static Discharge               Conjuration/Air              3
   f - Lightning Bolt                 Conjuration/Air              5
Comestibles
 c - 3 bread rations
 f - a beef jerky
 l - 2 fruits


   Skills:
 - Level 2.1 Dodging
 - Level 2.0 Stealth
 - Level 2.0 Spellcasting
 + Level 3.3 Conjurations
 * Level 5.7 Air Magic


You had 4 spell levels left.
You knew the following spells:

 Your Spells              Type           Power        Failure   Level  Hunger
a - Shock                 Conj/Air       ###.         2%          1    #......
b - Swiftness             Chrm/Air       ##......     12%         2    ###....


Dungeon Overview and Level Annotations

Branches:
Dungeon (3/15)

Altars:
Ashenzari
Ru


Innate Abilities, Weirdness & Mutations

You have a beak for a mouth.
You have claws for feet.


Message History

The zap misses the adder.
The adder bites you.
* * * LOW HITPOINT WARNING * * *
Drink which item? (? for menu, Esc to quit)
It was a potion of poison.
That liquid tasted very nasty...
You are lethally poisoned!
* * * LOW HITPOINT WARNING * * *
You feel sick. The adder barely misses you. The adder bites you.
* * * LOW HITPOINT WARNING * * *
Drink which item? (? for menu, Esc to quit)
It was a potion of might.
You feel very mighty all of a sudden.
* * * LOW HITPOINT WARNING * * *
You feel sick. The adder misses you.
Drink which item? (? for menu, Esc to quit)
It was a potion of agility.
You feel agile all of a sudden.
* * * LOW HITPOINT WARNING * * *
You feel sick. The adder bites you.
You die...

#........................#
#.........##.##.##########
#####.........##.##..#
.......######....##....
#######.### ###.....####
..≈≈≈.†#†.# ##.#..####
.≈...≈..#.## #.#..>...
.≈._.≈...#.#####......#
.≈...≈..#.......@##.#
.≈≈≈..#..#.(...S##.##.#
#####.....####.......#
..............##.#..##
....#######.......... ....
##.##.##... .... #.# ..
............##.[
#######.##.#


You could see an adder.

Vanquished Creatures
  An adder (D:2)
  2 worms (D:2)
  A giant gecko (D:3)
  An orc (D:3)
  2 giant cockroaches
  6 goblins
  12 hobgoblins
  A bat (D:2)
  5 giant newts
  10 jackals
  3 kobolds
  7 rats
51 creatures vanquished.

Notes
Turn   | Place    | Note
--------------------------------------------------------------
     0 | D:1      | musteatbrain, the Tengu Air Elementalist, began the quest for the Orb.
     0 | D:1      | Reached XP level 1. HP: 10/10 MP: 3/3
   408 | D:1      | Reached XP level 2. HP: 9/15 MP: 5/5
  1044 | D:2      | Reached skill level 5 in Air Magic
  1044 | D:2      | Reached XP level 3. HP: 10/19 MP: 4/7
  1296 | D:2      | Found a shattered altar of Ashenzari.
  1980 | D:2      | Reached XP level 4. HP: 24/24 MP: 3/8
  2107 | D:3      | Learned a level 2 spell: Swiftness
  2123 | D:3      | Found a sacrificial altar of Ru.
  2161 | D:3      | HP: 1/24 [poison (a potion of poison)]
  2162 | D:3      | Slain by an adder

Action                   |  1- 3 |  4- 6 || total
-------------------------+-------+-------++-------
Melee: Club              |    17 |       ||    17
       Unarmed           |     3 |       ||     3
       Dagger            |    35 |    17 ||    52
 Cast: Shock             |    56 |    10 ||    66
  Use: Potion            |       |     3 ||     3
 Stab: Sleeping          |     3 |     1 ||     4
       Distracted        |     2 |       ||     2
  Eat: Meat ration       |     1 |       ||     1
       Fruit             |     1 |       ||     1
